 Dungeon Crawl Stone Soup version 0.26.1-2-gb8aa6d0cf2 (webtiles) character file.

Game seed: 1418116157616456263

2076 hawla the Gusty (level 9, 0/64 HPs)
             Began as a Black Draconian Conjurer on Feb 11, 2021.
             Slain by a manticore (11 damage)
             ... on level 6 of the Dungeon.
             The game lasted 00:17:43 (8677 turns).

hawla the Gusty (Black Draconian Conjurer)          Turns: 8677, Time: 00:17:44

Health: 0/64       AC:  8    Str: 10    XL:     9   Next: 6%
Magic:  7/19       EV: 12    Int: 22    God:
Gold:   314        SH:  5    Dex:  9    Spells: 15/22 levels left

rFire    . . .     SeeInvis +   d - +0 whip
rCold    . . .     Faith    .   (no shield)
rNeg     . . .     Spirit   .   (armour unavailable)
rPois    .         Reflect  +   (helmet restricted)
rElec    +         Harm     .   (no cloak)
rCorr    .         Rampage  .   (no gloves)
Will     .....                  l - +0 pair of boots
Stlth    ++........             k - amulet of reflection
HPRegen  0.20/turn              f - ring of see invisible
MPRegen  0.16/turn              h - ring of wizardry

@: no status effects
A: breathe lightning, unfitting armour, electricity resistance, cold-blooded, AC
+7
a: Breathe Lightning


You were on level 6 of the Dungeon.
You visited 1 branch of the dungeon, and saw 6 of its levels.

You collected 314 gold pieces.

Inventory:

Hand Weapons
 d - a +0 whip (weapon)
Missiles
 j - 12 poisoned darts (quivered)
 s - 8 javelins
 v - 5 boomerangs of dispersal
Armour
 l - a +0 pair of boots (worn)
Jewellery
 f - a ring of see invisible (left hand)
 h - a ring of wizardry (right hand)
 k - an amulet of reflection (around neck)
Wands
 o - a wand of digging (4)
Scrolls
 c - 4 scrolls of fear
 e - 3 scrolls of identify
 i - a scroll of magic mapping
 m - 2 scrolls of enchant armour
 p - a scroll of enchant weapon
 r - 2 scrolls of remove curse {unknown}
 t - a scroll of amnesia {unknown}
Potions
 a - 2 potions of brilliance
 b - a potion of might
 n - a potion of magic
 q - a potion of invisibility
 u - a potion of ambrosia {unknown}
 w - a potion of haste {unknown}


   Skills:
 - Level 1.0 Fighting
 - Level 1.0 Staves
 - Level 1.0 Throwing
 - Level 1.7 Dodging
 - Level 1.7 Stealth
 - Level 1.0 Shields
 + Level 7.1 Spellcasting
 - Level 6.0 Conjurations
 - Level 3.4 Translocations
 + Level 7.6 Air Magic
 - Level 1.0 Evocations


You had 15 spell levels left.
You knew the following spells:

 Your Spells              Type           Power        Failure   Level
a - Magic Dart            Conj           100%         1%          1
b - Searing Ray           Conj           68%          1%          2
c - Iskenderun's Mystic   Conj/Tloc      28%          4%          4

Your spell library contained the following spells:

 Spells                   Type           Power        Failure   Level
 Dazzling Flash           Conj/Hex       42%          2%          3
 Fulminant Prism          Conj/Hex       10%          9%          4


Dungeon Overview and Level Annotations

Branches:
Dungeon (6/15)
 Temple: D:4-7

Altars:
Fedhas
Hepliaklqana
Makhleb
Nemelex Xobeh
Okawaru
Qazlal
Wu Jian
Yredelemnul
Zin
The Shining One

Annotations:
D:2 obelisk
D:6 1 runed translucent door


Innate Abilities, Weirdness & Mutations

You can breathe wild blasts of lightning.
Your glossy black scales are hard. (AC +7)
You cannot fit into any form of body armour.
You are resistant to electric shocks. (rElec)
You are cold-blooded and may be slowed by cold attacks.


Message History

You kill the orc warrior!
The searing ray hits the manticore.
The manticore is severely wounded.
The searing ray hits the manticore!
The manticore is almost dead.
You finish channeling your searing ray.
The manticore bites you!!
* * * LOW HITPOINT WARNING * * *
The manticore misses you. The manticore claws you!
* * * LOW HITPOINT WARNING * * *
You feel better. The manticore barely misses you. The manticore claws you.
* * * LOW HITPOINT WARNING * * *
The manticore closely misses you.
Casting: Searing Ray (safe; 1% risk of failure)
Confirm with . or Enter, or press ? or * to list all spells.
You erupt in a blast of force!
The mystic blast hits the manticore but does no damage.
The manticore is almost dead.
You hear a horrible gurgling sound!
You block the manticore's attack. The manticore claws you!
You die...

#######..#.#
.........#.# ###
........>..# #.#
.........#.# #.#
.........#.#####.#
##########.......#
#.#####.# #.#
###.# #.# #..@#
#.# #.#H# #.#
#.... #.# ####.#
..# .# #. #


You could see a manticore.

Vanquished Creatures
  Grinder (D:5)
  A sky beast (D:5)
  2 orc warriors (D:6)
  4 ogres
  2 centaurs (D:5)
  4 scorpions
  2 bullfrog zombies (D:5)
  2 orc priests
  A hound (D:5)
  A jelly (D:6)
  5 orc wizards
  A bullfrog skeleton (D:4)
  2 centaur skeletons
  Natasha (thrice) (D:2)
  4 worker ants
  3 hound zombies (D:5)
  A hound skeleton (D:6)
  2 worker ant zombies (D:5)
  9 adders
  A white imp (D:2)
  4 oozes
  2 adder skeletons (D:5)
  6 worms
  4 dart slugs
  7 leopard geckos
  17 orcs
  4 giant cockroaches
  9 goblins
  9 hobgoblins
  7 jackals
  5 kobolds
  2 quokkas (D:2)
  A ball python (D:2)
  8 bats
  8 frilled lizards
  A giant cockroach zombie (D:5)
  A jackal skeleton (D:4)
  A jackal zombie (D:5)
  A leopard gecko skeleton (D:5)
  A quokka skeleton (D:6)
  12 rats
161 creatures vanquished.

Vanquished Creatures (others)
  5 withered plants (D:5)
5 creatures vanquished.

Grand Total: 166 creatures vanquished

Notes
Turn   | Place    | Note
-------+----------+-------------------------------------------
     0 | D:1      | hawla the Draconian Conjurer began the quest for the Orb.
     0 | D:1      | Reached XP level 1. HP: 14/14 MP: 3/3
   252 | D:1      | Reached XP level 2. HP: 20/20 MP: 3/5
   255 | D:1      | Learned a level 2 spell: Searing Ray
   639 | D:1      | Reached XP level 3. HP: 25/27 MP: 0/6
  1032 | D:1      | Reached skill level 1 in Fighting
  1811 | D:2      | Reached skill level 1 in Evocations
  1859 | D:2      | Noticed Natasha
  1885 | D:2      | Reached skill level 1 in Staves
  1932 | D:2      | Killed Natasha
  1933 | D:2      | Reached skill level 1 in Throwing
  1933 | D:2      | Reached skill level 1 in Shields
  1933 | D:2      | Reached XP level 4. HP: 11/35 MP: 3/7
  1939 | D:2      | Learned a level 4 spell: Iskenderun's Mystic Blast
  2210 | D:2      | Noticed Natasha
  2216 | D:2      | Killed Natasha
  2402 | D:2      | Found a faded altar of an unknown god.
  2730 | D:2      | Reached skill level 1 in Translocations
  2827 | D:2      | Reached XP level 5. HP: 36/40 MP: 3/9
  2898 | D:2      | Reached skill level 5 in Conjurations
  2908 | D:2      | Noticed Natasha
  2912 | D:2      | Killed Natasha
  3375 | D:2      | Found a blossoming altar of Fedhas.
  3610 | D:2      | Found a stormy altar of Qazlal.
  3991 | D:3      | Found a hazy altar of Hepliaklqana.
  4283 | D:3      | Found a glowing golden altar of the Shining One.
  4725 | D:4      | Reached XP level 6. HP: 47/47 MP: 6/10
  5133 | D:4      | Found an ornate altar of the Wu Jian Council.
  5219 | D:4      | Your scales start taking on a glossy black colour.
  5219 | D:4      | Reached XP level 7. HP: 24/52 MP: 0/12
  5219 | D:4      | Gained mutation: You are resistant to electric shocks.
                  | (rElec) [Black Draconian growth]
  5637 | D:4      | Reached skill level 1 in Air Magic
  6230 | D:5      | Entered Level 5 of the Dungeon
  6386 | D:5      | Found a burning altar of Makhleb.
  6433 | D:5      | Found an iron altar of Okawaru.
  6490 | D:5      | Found a glowing silver altar of Zin.
  6513 | D:5      | Noticed Grinder
  6520 | D:5      | Paralysed by Grinder for 6 turns
  6529 | D:5      | Killed Grinder
  6530 | D:5      | Reached skill level 5 in Spellcasting
  6561 | D:5      | Reached XP level 8. HP: 59/59 MP: 0/15
  6739 | D:5      | Found a sparkling altar of Nemelex Xobeh.
  7191 | D:5      | Reached skill level 5 in Air Magic
  8420 | D:6      | Found a runed translucent door.
  8433 | D:6      | Found a basalt altar of Yredelemnul.
  8572 | D:6      | Reached XP level 9. HP: 56/64 MP: 11/19
  8666 | D:6      | Noticed a manticore
  8677 | D:6      | Slain by a manticore

Illustrated notes

Levels and vault maps discovered:
D:1:      psy_arrival_radial01, layout_basic
D:2:      layout_basic, fedhas_altar_fruit_tree,
          nicolae_qazlal_eye_of_the_storm, chequers_ecumenical_altar_simple,
          minmay_tree_intersection, minmay_crystal_room, minmay_octomino_e4,
          uniq_natasha
D:3:      layout_basic, marbit_many_paths, nicolae_overflow_hidden_temple,
          tso_metal_star, minmay_between
D:4:      layout_loops_ring, nicolae_overflow_crystal_walls
D:5:      layout_gridville, old_standard_altar, kennysheep_mini,
          lemuel_round_altar, nemelex_xobeh_ov_fountains_minmay, serial_undead,
          serial_undead_c, serial_undead_f, serial_undead_b, serial_undead_b,
          uniq_grinder
D:6:      minmay_cornered_nines, layout_basic,
          nicolae_dithmenos_through_a_glass_darkly, dk_yredelemnul_ordeal

Skill      XL: |  1  2  3  4  5  6  7  8 |
---------------+-------------------------+-----
Fighting       | 1 |  1.0
Evocations     | 1 |  1.0
Staves         | 1 |  1.0
Throwing       | 1 |  1.0
Shields        | 1 |  1.0
Translocations | 1 2 3 |  3.4
Conjurations   | 5 6 |  6.0
Spellcasting   | 3 5 7 |  7.1
Air Magic      | 4 7 |  7.6
Dodging        | |  1.7
Stealth        | |  1.7

Action                   |  1- 3 |  4- 6 |  7- 9 || total
-------------------------+-------+-------+-------++-------
Melee: Unarmed           |    51 |    12 |       ||    63
       Tailslap          |     6 |     4 |     5 ||    15
       Whip              |       |    28 |    92 ||   120
 Cast: Magic Dart        |    41 |    32 |    21 ||    94
       Searing Ray       |    16 |    40 |    39 ||    95
       Iskenderun's Myst |       |     1 |    18 ||    19
  Use: Scroll            |     3 |     4 |     2 ||     9
       Potion            |     2 |     3 |     1 ||     6
 Stab: Invisible         |       |       |     1 ||     1
Armor: Skin              |    16 |     6 |    45 ||    67
Dodge: Dodged            |    53 |    36 |    90 ||   179
Block: Other             |       |     6 |    34 ||    40
       Reflection        |       |       |     2 ||     2
